 Dungeon Crawl Stone Soup version 0.30.0-5-g1a98f26d00 (webtiles) character file.

Game seed: 12052804912578632952

74 backslashecho the Slasher (level 4, -8/38 HPs)
             Began as a Gnoll Reaver on May 10, 2023.
             Mangled by an iguana (11 damage)
             ... on level 2 of the Dungeon.
             The game lasted 00:02:20 (1195 turns).

backslashecho the Slasher (Gnoll Reaver)            Turns: 1195, Time: 00:02:20

Health: -8/38      AC:  4    Str: 14    XL:     4   Next: 30%
Magic:  10/11      EV: 12    Int: 12    God:
Gold:   41         SH:  0    Dex: 10    Spells: 12/13 levels left

rFire   + . .        a - +0 scimitar
rCold   . . .        (no shield)
rNeg    . . .        b - +0 leather armour
rPois   .            (no helmet)
rElec   .            d - +0 cloak
rCorr   .            (no gloves)
SInv    .            (no boots)
Will    .....        (no amulet)
Stlth   +            k - ring of protection from fire
HPRegen 0.26/turn    (no ring)
MPRegen 0.12/turn

%: no passive effects
@: very slightly contaminated
A: fangs 1, strong nose, distributed training
a: no special abilities


You were on level 2 of the Dungeon.
You visited 1 branch of the dungeon, and saw 2 of its levels.

You collected 41 gold pieces.

Inventory:

Hand Weapons
 a - a +0 scimitar (weapon)
 c - a +0 dagger of holy wrath
Armour
 b - a +0 leather armour (worn)
 d - a +0 cloak (worn)
Jewellery
 k - a ring of protection from fire (left hand)
Scrolls
 e - a scroll of identify {unknown}
Potions
 f - a potion of ambrosia {unknown}
 g - a potion of lignification {unknown}
 h - 2 potions of curing {unknown}
 i - a potion of attraction {unknown}
 j - a potion of magic {unknown}
 l - a potion of mutation {unknown}
 m - a potion of invisibility {unknown}
 n - a potion of heal wounds {unknown}


   Skills:
 + Level 4.6 Fighting
 + Level 1.1 Short Blades
 + Level 6.6 Long Blades
 + Level 1.1 Axes
 + Level 1.1 Maces & Flails
 + Level 1.1 Polearms
 + Level 1.1 Staves
 + Level 1.1 Ranged Weapons
 + Level 1.1 Throwing
 + Level 1.1 Armour
 + Level 4.6 Dodging
 + Level 1.1 Stealth
 + Level 1.1 Shields
 + Level 1.1 Unarmed Combat
 + Level 5.1 Spellcasting
 + Level 5.4 Conjurations
 + Level 0.9 Hexes
 + Level 0.9 Summonings
 + Level 0.9 Necromancy
 + Level 0.9 Translocations
 + Level 0.9 Transmutations
 + Level 0.9 Fire Magic
 + Level 0.9 Ice Magic
 + Level 0.9 Air Magic
 + Level 0.9 Earth Magic
 + Level 0.9 Poison Magic
 + Level 1.2 Invocations
 + Level 1.1 Evocations


You had 12 spell levels left.
You knew the following spells:

 Your Spells              Type           Power      Damage    Failure   Level
a - Kiss of Death         Conj/Necr      40%        2d8       7%          1

Your spell library contained the following spells:

 Spells                   Type           Power      Damage    Failure   Level
 Momentum Strike          Conj/Tloc      20%        3d8       10%         2
 Hailstorm                Conj/Ice       10%        3d5       21%         3


Dungeon Overview and Level Annotations

Branches:
Dungeon (2/15)

Altars:


Innate Abilities, Weirdness & Mutations

You have very sharp teeth.
Your uncanny sense of smell can sniff out nearby items.
Your experience applies equally to all skills.


Message History

a +0 dagger; an adder corpse; a goblin corpse You take 1 damage, and have 30/38 hp.
No target in view!
You feel sick.
You are no longer poisoned.
A ball python comes into view.
Health restored: 38 A ball python is nearby!
The ball python hisses angrily.
You hit the ball python.
The ball python is severely wounded.
The ball python barely misses you. x2
You barely miss the ball python.
The ball python is severely wounded.
The ball python closely misses you. x2
You slash the ball python!
You kill the ball python!
No target in view!
No target in view!
An iguana comes into view.
The iguana barely misses you.
An iguana is nearby!
You hit the iguana.
The iguana is lightly wounded.
The iguana bites you!
You take 11 damage, and have 27/38 hp.
MASSIVE DAMAGE!!
You hit the iguana.
The iguana is moderately wounded.
The iguana bites you!
You take 12 damage, and have 15/38 hp.
MASSIVE DAMAGE!!
You are too injured to fight recklessly!
You closely miss the iguana. Your bite misses the iguana.
The iguana is moderately wounded.
The iguana bites you!
* * * LOW HITPOINT WARNING * * *
You take 13 damage, and have 2/38 hp.
MASSIVE DAMAGE!!
You are too injured to fight recklessly!
You slash the iguana!
The iguana is almost dead.
The iguana misses you.
You are too injured to fight recklessly!
Casting: Kiss of Death (safe; 7% risk of failure)
Confirm with . or Enter, or press ? or * to list all spells.
Aiming: Kiss of Death (safe; 7% risk of failure)
Press: ? - help, Shift-Dir - straight line, f - iguana
Aim: an iguana (severely wounded, 100% to hit)
You miscast Kiss of Death.
You are very lightly contaminated with residual magic.
Nothing appears to happen.
The iguana bites you!
You die...

#####'######.##)###
####.#.# .# ##.##
##....## ##..#.#
..##...# #......#
##.....# ...##.##
#.8..8.# ##.)..###
....###
##....####.....#
...).#
########......#
###### ...########
#l#
################@#
.................#
##################
#


You could see an iguana.

Vanquished Creatures
  3 adders (D:2)
  4 orcs (D:2)
  3 endoplasms (D:1)
  5 goblins
  3 hobgoblins
  2 jackals (D:1)
  2 quokkas
  6 ball pythons
  3 bats (D:1)
  A frilled lizard (D:1)
  4 kobolds
  6 rats
42 creatures vanquished.

Notes
Turn   | Place    | Note
-------+----------+-------------------------------------------
     0 | D:1      | backslashecho the Gnoll Reaver began the quest for the Orb.
     0 | D:1      | Reached XP level 1. HP: 20/20 MP: 6/6
   109 | D:1      | You fall into a shaft and drop 1 floor!
   136 | D:2      | Reached XP level 2. HP: 21/25 MP: 4/7
   344 | D:1      | Reached skill level 5 in Spellcasting
   344 | D:1      | Reached XP level 3. HP: 30/31 MP: 7/9
   693 | D:2      | Reached skill level 1 in Invocations
   699 | D:2      | Reached skill level 1 in Short Blades
   699 | D:2      | Reached skill level 1 in Axes
   699 | D:2      | Reached skill level 1 in Maces & Flails
   699 | D:2      | Reached skill level 1 in Polearms
   699 | D:2      | Reached skill level 1 in Staves
   699 | D:2      | Reached skill level 1 in Ranged Weapons
   699 | D:2      | Reached skill level 1 in Throwing
   699 | D:2      | Reached skill level 1 in Armour
   699 | D:2      | Reached skill level 1 in Stealth
   699 | D:2      | Reached skill level 1 in Shields
   699 | D:2      | Reached skill level 1 in Unarmed Combat
   699 | D:2      | Reached skill level 1 in Evocations
   958 | D:2      | Reached XP level 4. HP: 35/38 MP: 11/11
  1195 | D:2      | Mangled by an iguana

Illustrated notes

Levels and vault maps discovered:
D:1:      wander_arrival_abandoned_jail, layout_rooms
D:2:      layout_loops_ring, wad_orctagon

Skill      XL: |  1  2  3 |
---------------+----------+-----
Spellcasting   | 5 |  5.1
Invocations    | 1 |  1.2
Short Blades   | 1 |  1.1
Axes           | 1 |  1.1
Maces & Flails | 1 |  1.1
Polearms       | 1 |  1.1
Staves         | 1 |  1.1
Ranged Weapons | 1 |  1.1
Throwing       | 1 |  1.1
Armour         | 1 |  1.1
Stealth        | 1 |  1.1
Shields        | 1 |  1.1
Unarmed Combat | 1 |  1.1
Evocations     | 1 |  1.1
Fighting       | |  4.6
Long Blades    | |  6.6
Dodging        | |  4.6
Conjurations   | |  5.4
Hexes          | |  0.9
Summonings     | |  0.9
Necromancy     | |  0.9
Translocations | |  0.9
Transmutations | |  0.9
Fire Magic     | |  0.9
Ice Magic      | |  0.9
Air Magic      | |  0.9
Earth Magic    | |  0.9
Poison Magic   | |  0.9

Action                     |  1- 3 |  4- 6 || total
---------------------------+-------+-------++-------
  Melee: Falchion          |    12 |       ||    12
         Scimitar          |    85 |    25 ||   110
         Bite              |     7 |       ||     7
         Punch             |     2 |       ||     2
   Cast: Kiss of Death     |     1 |       ||     1
 Armour: Leather armour    |    32 |     4 ||    36
  Dodge: Dodged            |    75 |    13 ||    88
